 Dungeon Crawl Stone Soup version 0.18-a0-1418-ga86aa8f (webtiles) character file.

2361 benbatman the Grappler (level 9, -20/80 HPs)
             Began as a Troll Monk on Feb 26, 2016.
             Was a Priest of Pakellas.
             Demolished by an orc knight
             ... wielding a +0 glaive
              (30 damage)
             ... in a bailey.
             The game lasted 00:19:59 (5155 turns).

benbatman the Grappler (Troll Monk)                 Turns: 5155, Time: 00:19:59

Health: -20/80     AC:  5    Str: 21    XL:     9   Next: 21%
Magic:  3/8        EV: 10    Int:  6    God:    Pakellas [***...]
Gold:   272        SH:  0    Dex: 15    Spells: 0 memorised, 8 levels left

rFire  . . .     SeeInvis .       - Unarmed
rCold  + . .     Gourm    +     y - +0 robe {rC+}
rNeg   + . .     Faith    .     (no shield)
rPois  .         Spirit   .     (helmet restricted)
rElec  .         Dismiss  .     (no cloak)
rCorr  .         Reflect  .     (gloves unavailable)
SustAt +         Harm     +     (boots unavailable)
MR     .....                    s - amulet of harm
Stlth  ++........               m - ring of positive energy
                                e - ring of sustain attributes

@: not resistant to hostile enchantments, unstealthy
A: unfitting armour, claws 3, fast metabolism 3, gourmand, regeneration 2,
shaggy fur 1, tough skin 2
a: Quick Charge, Device Surge, Renounce Religion


You were in a bailey.
You worshipped Pakellas.
Pakellas was most pleased with you.
You were full.

You visited 2 branches of the dungeon, and saw 8 of its levels.
You also visited: Sewer and Bailey.

You collected 272 gold pieces.

Inventory:

Hand Weapons
 r - a +0 battleaxe of chopping
Missiles
 w - 8 javelins (quivered)
Armour
 a - a +0 robe
 y - a +0 robe of cold resistance (worn)
Jewellery
 e - a ring of sustain attributes (left claw)
 m - a ring of positive energy (right claw)
 s - an amulet of harm (around neck)
Wands
 j - a wand of slowing (12/48)
 t - a wand of iceblast (6/15)
Scrolls
 f - a scroll of noise
 i - 2 scrolls of fear {unknown}
 l - a scroll of immolation
 o - 3 scrolls of random uselessness
 q - 2 scrolls of identify
 C - a scroll of teleportation {unknown}
Potions
 c - a potion of lignification
 d - 3 potions of flight
 g - a potion of beneficial mutation {unknown}
 n - a potion of ambrosia {unknown}
 u - a potion of mutation {unknown}
 v - 2 potions of curing {unknown}
 x - a potion of might
 B - a potion of experience {unknown}
Books
 p - a book of the Warp

   Spells                             Type                      Level
   a - Recall                         Summoning/Translocation      3
   b - Gell's Gravitas                Hexes/Translocation          3
   c - Force Lance                    Conjuration/Translocation    4
   d - Warp Weapon                    Charms/Translocation         5
   e - Summon Forest                  Summoning/Translocation      5
Comestibles
 b - 3 bread rations
 h - 3 meat rations
 k - a beef jerky
 z - a slice of pizza


   Skills:
 - Level 2.4 Fighting
 - Level 2.4 Dodging
 - Level 1.1 Stealth
 + Level 12.6 Unarmed Combat
 + Level 0.2 Evocations


You had 8 spell levels left.
You didn't know any spells.

Dungeon Overview and Level Annotations

Branches:
Dungeon (7/15)             Temple (1/1) D:6

Altars:
Ashenzari
Cheibriados
Dithmenos
Elyvilon
Fedhas
Gozag
Kikubaaqudgha
Makhleb
Nemelex Xobeh
Okawaru
Pakellas
Qazlal
Ru
Sif Muna
Trog
Vehumet
Xom
Yredelemnul
Zin
The Shining One

Shops:
D:6 :


Innate Abilities, Weirdness & Mutations

You are too large for most types of armour.
You have claws for hands.
Your metabolism is lightning-fast.
You like to eat raw meat.
You heal very quickly.
You are covered in fur (AC +1).
You have very tough skin (AC +2).


Message History

The orc knight easily resists.
This wand has 12 charges left.
The orc knight roars a battlecry!
The orc knight hits you from afar with a glaive!!
Things that are here:
a spear; a ring mail
Items here: )) [[ ÷ a halberd; a ring mail; a trident; a scale mail; an orc skeleton
Items here: )) [[ ÷ a trident; a chain mail; a spear; a chain mail; an orc skeleton The orc knight hits you with a glaive!!
* * * LOW HITPOINT WARNING * * *
Items here: )) [[ ÷ a halberd; a ring mail; a trident; a scale mail; an orc skeleton You scratch the orc knight.
Your claw misses the orc knight.
The orc knight is lightly wounded.
You closely miss the orc knight.
The orc knight is lightly wounded.
The orc knight hits you with a glaive!!
You die...
Pakellas says: Time to find a new assistant...

#.≈..##...##..≈≈≈≈≈§≈
#.≈≈..##.#o..≈≈..§§.§
##.≈≈..#+#.§≈§§..⌠.§.
#∩.≈≈..# .§≈≈o.⌠o⌠..
#.≈≈..## .§§≈o.o..≈
#.≈..## ..§≈≈§§≈≈
#.≈)## #........
#.≈)#########'###+## #
#.≈))@o......##.....##
#.≈≈≈≈≈≈≈≈≈≈..##.∩.##)
#..........≈≈..## ##..
##########..≈≈..###..≈
##..≈≈.....≈≈
##..≈≈≈≈≈≈≈.
##......... ##########


You could see an orc knight.

Vanquished Creatures
  The ghost of Azzok the Covert, a novice OpHu (D:5)
  Sigmund (D:6)
  Edmund (D:6)
  An orc warrior (D:6)
  An ice beast (D:6)
  An ogre (D:6)
  2 centaurs
  A crocodile (Sewer)
  3 giant frogs
  A wyvern zombie (D:6)
  3 howler monkeys
  2 crimson imps (D:6)
  4 hounds
  3 orc priests
  A jelly (D:5)
  3 orc wizards
  Jessica (D:2)
  Terence (D:2)
  An iguana (D:5)
  A worker ant (D:4)
  A killer bee zombie (D:6)
  The ghost of Amnesiac the Changer, a weakling OpTm (Sewer)
  2 hound skeletons (D:4)
  A hound zombie (D:6)
  8 gnolls
  11 adders
  A shadow imp (D:6)
  An ooze (D:1)
  An adder zombie (D:5)
  A worm (D:2)
  7 giant geckos
  29 orcs
  3 bats
  5 giant cockroaches
  7 goblins
  2 hobgoblins (D:1)
  11 jackals
  A ball python (D:2)
  A giant gecko skeleton (D:5)
  5 giant newts
  A jackal skeleton (D:4)
  8 kobolds
  A quokka skeleton (D:5)
  9 rats
151 creatures vanquished.

Notes
Turn   | Place    | Note
--------------------------------------------------------------
     0 | D:1      | benbatman the Troll Monk began the quest for the Orb.
     0 | D:1      | Reached XP level 1. HP: 22/22 MP: 0/0
    57 | D:1      | Reached XP level 2. HP: 29/29 MP: 1/1
   911 | D:2      | Reached skill level 5 in Unarmed Combat
   962 | D:2      | Reached XP level 3. HP: 36/36 MP: 2/2
   986 | D:2      | Noticed Jessica
   992 | D:2      | Killed Jessica
  1106 | D:2      | Reached XP level 4. HP: 42/44 MP: 3/3
  1189 | D:2      | Noticed Terence
  1198 | D:2      | Killed Terence
  1198 | D:2      | Reached skill level 6 in Unarmed Combat
  1244 | D:2      | Reached XP level 5. HP: 28/50 MP: 4/4
  2178 | D:4      | Reached skill level 7 in Unarmed Combat
  2346 | D:4      | Reached XP level 6. HP: 56/59 MP: 5/5
  2572 | D:5      | Entered Level 5 of the Dungeon
  2601 | D:5      | Noticed Azzok's ghost (novice OpHu)
  2621 | D:5      | Killed Azzok's ghost
  2621 | D:5      | Reached skill level 9 in Unarmed Combat
  2621 | D:5      | Reached XP level 7. HP: 50/66 MP: 6/6
  3365 | D:6      | Reached skill level 10 in Unarmed Combat
  3377 | D:6      | Reached XP level 8. HP: 45/74 MP: 7/7
  3486 | D:6      | Found a staircase to the Ecumenical Temple.
  3497 | Temple   | Entered the Ecumenical Temple
  3569 | Temple   | Became a worshipper of Pakellas the Inventive
  3569 | Temple   | Reached * piety under Pakellas
  3569 | Temple   | Reached ** piety under Pakellas
  3569 | Temple   | Received a gift from Pakellas
  3660 | D:6      | Found a shattered altar of Ashenzari.
  3791 | D:6      | Reached skill level 11 in Unarmed Combat
  3801 | D:6      | Found a sacrificial altar of Ru.
  3825 | D:6      | Noticed Edmund
  3844 | D:6      | Killed Edmund
  3861 | D:6      | Found Dayx's Book Boutique.
  3867 | D:6      | Found a glowing drain.
  3880 | Sewer    | Entered a sewer
  3880 | Sewer    | Noticed Amnesiac's ghost (weakling OpTm)
  3886 | Sewer    | Killed Amnesiac's ghost
  4012 | Sewer    | Reached skill level 12 in Unarmed Combat
  4115 | D:6      | Noticed Sigmund
  4121 | D:6      | Killed Sigmund
  4121 | D:6      | Reached XP level 9. HP: 62/80 MP: 8/8
  4428 | D:7      | Found a bloodstained altar of Trog.
  4430 | D:7      | Found a blossoming altar of Fedhas.
  4430 | D:7      | Found a snail-covered altar of Cheibriados.
  4435 | D:7      | Reached *** piety under Pakellas
  4436 | D:7      | Found a burning altar of Makhleb.
  4436 | D:7      | Found a white marble altar of Elyvilon.
  4436 | D:7      | Found a radiant altar of Vehumet.
  4436 | D:7      | Found a shattered altar of Ashenzari.
  4664 | D:7      | Found a flagged portal.
  4681 | Bailey   | Entered a bailey
  4825 | Bailey   | HP: 4/80 [orc/halberd (8)]
  5049 | Bailey   | Noticed an orc knight
  5124 | Bailey   | Noticed an orc knight
  5125 | Bailey   | Noticed an orc knight
  5155 | Bailey   | Demolished by an orc knight

Vault maps used:
D:1:      minmay_arrival_arboretum_small
D:2:      uniq_jessica, uniq_terence
D:4:      first_bread
D:6:      nicolae_ru_awakened_eye, temple_pool_a, portal_sewer_entry_f,
          serial_shops, shop, basic_altar, uniq_sigmund, uniq_edmund
D:7:      grunt_temple_overflow_open, enter_bailey_2
Temple:   temple_eino_lava_12
Sewer:    sewer_the_crocodile
Bailey:   bailey_polearm_1, bailey

Skill      XL: |  1  2  3  4  5  6  7  8 |
---------------+-------------------------+-----
Unarmed Combat | 5 6 7 9 10 12 | 12.6
Fighting       | |  2.4
Dodging        | |  2.4
Stealth        | |  1.1
Evocations     | |  0.2

Action                   |  1- 3 |  4- 6 |  7- 9 || total
-------------------------+-------+-------+-------++-------
Melee: Unarmed           |    73 |   117 |   175 ||   365
Throw: Javelin           |       |       |     4 ||     4
Invok: Quick Charge      |       |       |     2 ||     2
Evoke: Wand              |       |       |    19 ||    19
  Use: Scroll            |     1 |       |     8 ||     9
       Potion            |       |       |     1 ||     1
 Stab: Sleeping          |     3 |     3 |       ||     6
       Distracted        |       |     1 |     1 ||     2
  Eat: Chunk             |    15 |    11 |    23 ||    49
